 Dungeon Sprint DCSS version 0.31-a0-675-g238779eb0a (webtiles) character file.

Game seed: 17528637049413418666

407 sircluck the Grappler (level 6, -7/106 HPs)
             Began as a Troll Berserker on Sept 5, 2023.
             Was a Believer of Trog.
             Mangled by a boulder beetle (15 damage)
             ... in the Dungeon (Sprint II: "The Violet Keep of Menkaure").
             The game lasted 00:01:11 (132 turns).

sircluck the Grappler (Troll Berserker)              Turns: 132, Time: 00:01:11

Health: -7/106     AC:  4    Str: 28    XL:     6   Next: 57%
Magic:  5/5        EV: 11    Int:  3    God:    Trog [**....]
Gold:   261        SH:  0    Dex:  9    Spells: 5/5 levels left

rFire   . .          .
                       - Unarmed
rCold   . . .        (no shield)
rNeg    . . .        a - +0 animal skin
rPois   .            (helmet restricted)
rElec   .            (no cloak)
rCorr   .            (gloves unavailable)
SInv    .            (boots unavailable)
Will    .....        (no amulet) Stlth
                     (no ring)
HPRegen 1.17/turn    (no ring)
MPRegen 0.09/turn

%: no teleportation
@: berserking, very quick
A: large, unfitting armour, claws 3, regeneration 1, shaggy fur 1, tough skin 1
a: Renounce Religion, Berserk, Trog's Hand


You were in the Dungeon.
You worshipped Trog.
Trog was pleased with you.
You visited 1 branch You collected 261 gold pieces.

Inventory:

Armour
 a - a +0 animal skin (worn)
Scrolls
 g - a scroll of blinking
Potions
 b - a potion of curing
 c - a potion of heal wounds
 d - a potion of haste
 e - 2 potions of magic
 f - a potion of berserk rage


   Skills:
 + Level 7.4 Fighting
 + Level 7.3 Dodging
 + Level 8.8 Unarmed Combat


You had 5 spell levels left.
You didn't know any spells.
Your spell library was empty.

Dungeon Overview and Level Annotations

Branches:
Dungeon (1/1)

Altars:

Shops:
D !=?:(:!==!

Annotations:
D exclusion: ice statue, Roxanne


Innate Abilities, Weirdness & Mutations

You are too large for most types of armour.
You have claws for hands.
Your natural rate of healing is unusually fast.
You are covered in fur. (AC +1)
You have tough skin. (AC +1)


Message History

You scratch the boulder beetle. You claw the boulder beetle.
The boulder beetle is moderately wounded.
The boulder beetle bites you!! The boulder beetle barely misses you.
The boulder beetle stops rolling and uncurls.
You claw the boulder beetle! You claw the boulder beetle.
The boulder beetle is severely wounded.
You scratch the boulder beetle but do no damage.
The boulder beetle is severely wounded.
The boulder beetle bites you! The boulder beetle bites you!!
You are too injured to fight recklessly!
You are too injured to fight recklessly!
You are too injured to fight recklessly!
You are too injured to fight recklessly!
You are too injured to fight recklessly!
You are too injured to fight recklessly!
You are too injured to fight recklessly!
You are too injured to fight recklessly!
You are too injured to fight recklessly!
You are too injured to fight recklessly!
You are too injured to fight recklessly!
You scratch the boulder beetle. You claw the boulder beetle!
The boulder beetle is almost dead.
The boulder beetle bites you.
* * * LOW HITPOINT WARNING * * *
The boulder beetle barely misses you.
You barely miss the boulder beetle.
The boulder beetle is almost dead.
You claw the boulder beetle!
The boulder beetle is almost dead.
The boulder beetle completely misses you.
The boulder beetle bites you!
* * * LOW HITPOINT WARNING * * *
You scratch the boulder beetle but do no damage.
The boulder beetle is almost dead.
You scratch the boulder beetle but do no damage.
The boulder beetle is almost dead.
The boulder beetle bites you!
* * * LOW HITPOINT WARNING * * *
The boulder beetle bites you!
You die...

########~~#+++#+++##
#######~~~.........#
......#~~~~.##'##..#
.⌠....#~~~~##.#.##
∩.∩...#~~~~#..#..#
.∩.∩..#~~####†.†##
∩.∩.∩.#~##.###'##
...∩.∩#B#..$##.##
....∩.+@'# +.<.+
......#B#...##.##
▓▓▓▓###~##.###+#
$######~~### .#
##~~~# #'#~## ~
#.#~~##+##~~~≈
####~~~~~~~~~~
#+++#+++#~≈


You could see 2 boulder beetles.

Vanquished Creatures
  A water moccasin (D)
  4 necrophages (D)
  A scorpion (D)
6 creatures vanquished.

Vanquished Creatures (others)
  A water moccasin (D)
1 creature vanquished.

Grand Total: 7 creatures vanquished

Notes
Turn   | Place    | Note
-------+----------+-------------------------------------------
     0 | D        | sircluck the Troll Berserker began the quest for the Orb.
     0 | D        | Reached XP level 1. HP: 22/22 MP: 0/0
     1 | D        | Noticed a necrophage
     1 | D        | Noticed a necrophage
     1 | D        | Noticed a necrophage
     1 | D        | Noticed a necrophage
     5 | D        | Killed a necrophage
     6 | D        | Reached skill level 5 in Unarmed Combat
     6 | D        | Reached XP level 2. HP: 33/33 MP: 1/1
     6 | D        | Reached XP level 3. HP: 40/40 MP: 2/2
     9 | D        | Killed a necrophage
    10 | D        | Reached skill level 5 in Fighting
    10 | D        | Reached skill level 5 in Dodging
    10 | D        | Reached skill level 6 in Unarmed Combat
    10 | D        | Reached XP level 4. HP: 41/50 MP: 3/3
    15 | D        | Killed a necrophage
    15 | D        | Reached ** piety under Trog
    16 | D        | Reached skill level 7 in Unarmed Combat
    16 | D        | Reached XP level 5. HP: 45/59 MP: 4/4
    18 | D        | Killed a water moccasin
    31 | D        | Noticed an ice statue
    33 | D        | Noticed a water moccasin
    34 | D        | Found Xiweqoev's Distillery.
    40 | D        | Killed a water moccasin
    41 | D        | Reached skill level 8 in Unarmed Combat
    41 | D        | Reached XP level 6. HP: 37/71 MP: 5/5
    61 | D        | Found Mirutoji's Jewellery Shop.
    61 | D        | Found Emibop's Jewellery Boutique.
    62 | D        | Found Ciguir's Book Boutique.
    62 | D        | Found Edavor's Distillery.
    63 | D        | Found Leryamo's Book Shop.
    63 | D        | Found Seytoen's Antique Weapon Boutique.
    64 | D        | Found Zenyelub's Magic Scroll Shop.
    65 | D        | Found Qoxuesh's Distillery.
    65 | D        | Found Reozaz's Jewellery Shop.
    69 | D        | Noticed a polar bear
    85 | D        | Noticed Roxanne
   111 | D        | Noticed a boulder beetle
   111 | D        | Noticed a boulder beetle
   132 | D        | Mangled by a boulder beetle

Illustrated notes

Levels and vault maps discovered:
D:        the_violet_keep_of_menkaure [sprint2_stairs_cluster_1,
          sprint2_shoproom, sprint2_temple, sprint2_basic_supplies,
          sprint2_obstacle_6, sprint2_obstacle_1, sprint2_obstacle_2,
          sprint2_obstacle_7, sprint2_obstacle_3, sprint2_timed_cluster_1,
          sprint2_smallroom_cluster_1, sprint2_smallroom_final_cluster_1,
          sprint2_transparent_cluster_1, sprint2_second_timed_cluster_1,
          sprint2_sniper_area_1, sprint2_heavy_combat_area_1,
          sprint2_mutation_trap_area_1, sprint2_forest_area_1,
          sprint2_light_combat_area_1, sprint2_behind_water_1,
          sprint2_near_end_vault_1]

Skill      XL: |  1  2  3  4  5 |
---------------+----------------+-----
Fighting       | 4 5 6 7 |  7.4
Dodging        | 4 5 7 |  7.3
Unarmed Combat | 5 6 7 8 |  8.8

Action                     |  1- 3 |  4- 6 || total
---------------------------+-------+-------++-------
  Melee: Unarmed           |     6 |    45 ||    51
         Punch             |     1 |     3 ||     4
 Invoke: Berserk           |     1 |     1 ||     2
 Armour: Animal skin       |     6 |    26 ||    32
  Dodge: Dodged            |     3 |    17 ||    20

Table legend: (Time is in decaauts)
 A = Elapsed time spent in this place.
 B = Non-inter-level travel time spent in this place.
 C = Inter-level travel time spent in this place.
 D = Time resting spent in this place.
 E = Time spent auto-exploring this place.
 F = Levels seen in this place.
 G = Mean time per level.
                   A        B        C        D        E       F      G
               +--------+--------+--------+--------+--------+-----+--------+
         Total |    127 |    127 |      0 |     23 |      0 |   1 |  127.0 |
       Dungeon |    127 |    127 |      0 |     23 |      0 |   1 |  127.0 |
               +--------+--------+--------+--------+--------+-----+--------+

Top non-repeatable levels by time:
       D: 127 daAuts
